Tamiflu vs Gangsters

Created - 6 novembre 2012 at 22:37

Simulating a Pre-Season

Goals
1 2 3 T
Tamiflu 2 1 2 5
Gangsters 1 0 0 1
Shots
1 2 3 T
Tamiflu 12 10 14 36
Gangsters 8 12 16 36

1st period

1. Tamiflu , Nate Thompson 2 (Mike Brown, Alex Picard) at 10:11
2. Gangsters , Ryan Keller 2 (Artem Anisimov, Mike Commodore) at 10:59
3. Tamiflu , Radek Bonk 6 (Marcel Hossa, Petr Pohl) at 12:46

Penalties :
Jaroslav Balastik (Bro) for Slashing (Minor) at 14:53

2nd period

4. Tamiflu , Marcel Hossa 1 (Radek Bonk) at 16:16

Penalties :
James Van Riemsdyk (Bro) for Hooking (Minor) at 1:33, Petr Pohl (Det) for Roughing (Minor) at 4:50, Drew Stafford (Bro) for Cross-checking (Minor) at 4:58, Nick Foligno (Bro) for Roughing (Minor) at 19:26

3rd period

5. Tamiflu , Nate Thompson 3 (Alex Picard) at 8:46 (PP)
6. Tamiflu , Pierre Dagenais 4 (Jani Rita, Alex Picard) at 9:24

Penalties :
Nick Foligno (Bro) for Hooking (Minor) at 8:13, James Van Riemsdyk (Bro) for Delaying the game (Minor) at 12:48

Goalie Stats

Corey Crawford (Det), 35 saves from 36 shots - (0,972), W, 1-2-0, 60:00 minutes
David LeNeveu (Bro), 31 saves from 36 shots - (0,861), L, 2-2-0, 60:00 minutes

Players Stats for Tamiflu

Player Name              G  A  P  +/- PIM S  H  SB GA TA FO     MP     PP MP  PK MP  
------------------------------------------------------------------------------------
Alex Picard              0  3  3   1  0   3  3  0  0  0  0/1    16:59   3:41   0:08 
David Clarkson           0  0  0   0  0   1  0  0  0  0  0/0     7:41   0:00   0:00 
Greg Mauldin             0  0  0   1  0   2  0  0  0  1  4/8    12:30   0:00   0:00 
Jani Rita                0  1  1   1  0   3  1  0  1  0  0/0    12:18   0:00   0:00 
Johan Fransson           0  0  0   2  0   1  1  0  0  0  0/0    12:14   0:00   0:00 
Jonathan Sigalet         0  0  0  -1  0   0  2  2  0  0  0/0    27:39   5:07   0:00 
Kyle Lawson              0  0  0   2  0   3  1  0  0  0  0/0    12:14   0:00   0:00 
Marcel Hossa             1  1  2   1  0   7  0  0  1  0  0/0    22:50   4:56   0:00 
Matt Murley              0  0  0   0  0   1  2  0  0  0  0/0     7:41   0:00   0:00 
Maxim Kondratiev         0  0  0  -1  0   2  2  4  1  1  0/0    27:47   5:07   0:08 
Mike Brown               0  1  1   1  0   1  1  0  1  1  0/0    16:21   3:41   0:00 
Nate Thompson            2  0  2   1  0   3  2  0  0  1  8/21   16:51   3:41   0:00 
Nathan Oystrick          0  0  0   2  0   0  1  1  1  1  0/0    19:59   3:30   0:00 
Petr Pohl                0  1  1   1  2   0  2  0  0  0  0/1    21:40   4:56   0:00 
Pierre Dagenais          1  0  1   1  0   4  2  0  0  0  0/1    12:18   0:00   0:00 
Radek Bonk               1  1  2   1  0   5  1  0  0  1  16/34  22:58   4:56   0:08 
Tim Ramholt              0  0  0   2  0   0  0  0  0  3  0/0    20:07   3:30   0:08 
Tyler Haskins            0  0  0   0  0   0  1  0  0  0  0/3     7:53   0:00   0:00 

Players Stats for Gangsters

Player Name              G  A  P  +/- PIM S  H  SB GA TA FO     MP     PP MP  PK MP  
------------------------------------------------------------------------------------
Alexandre Bolduc         0  0  0  -1  0   6  1  0  0  0  13/18  14:58   0:00   1:00 
Alexei Emelin            0  0  0  -2  0   0  0  1  0  0  0/0    11:36   0:00   0:00 
Artem Anisimov           0  1  1   0  0   1  1  0  0  0  2/7     9:16   0:00   0:00 
Brandon Sutter           0  0  0   0  0   1  0  0  0  0  1/2     9:28   0:00   0:11 
Chris Bourque            0  0  0  -1  0   0  1  0  2  0  3/3    14:34   0:00   1:00 
Cory Murphy              0  0  0  -2  0   2  1  2  1  3  0/0    27:58   0:08   5:19 
Dave Steckel             0  0  0  -2  0   1  3  0  0  0  11/21  18:46   0:08   2:13 
Drew Stafford            0  0  0  -2  2   4  4  1  1  0  5/10   22:04   0:07   5:01 
James Van Riemsdyk       0  0  0   0  4   1  2  1  0  0  0/0    12:24   0:00   1:24 
Jaroslav Balastik        0  0  0  -2  2   4  2  0  0  0  0/2    21:48   0:08   4:01 
Josh Gorges              0  0  0   1  0   2  1  1  0  0  0/0    20:26   0:00   3:18 
Matt Read                0  0  0   0  0   1  2  2  1  0  3/3    10:12   0:00   0:00 
Mike Commodore           0  1  1  -2  0   3  2  0  1  0  0/0    27:58   0:08   5:19 
Nick Foligno             0  0  0   0  4   2  0  0  1  0  1/1     9:27   0:00   0:11 
Ryan Keller              1  0  1   0  0   2  1  0  1  0  1/1    10:48   0:00   0:00 
Staffan Kronwall         0  0  0   1  0   1  1  0  0  0  0/0    20:26   0:00   3:18 
Tim Jackman              0  0  0  -1  0   4  3  0  1  2  1/1    15:41   0:00   2:13 
Ville Koistinen          0  0  0  -2  0   1  0  1  0  0  0/0    11:36   0:00   0:00 

3 Stars

1 - Nate Thompson (Det)
2 - Corey Crawford (Det)
3 - Alex Picard (Det)

Power Play

Tamiflu - 1 on 6 Attempt(s) - 16,67%
Gangsters - 0 on 1 Attempt(s) - 0,00%

Penalty Kill

Tamiflu - 1 on 1 Attempt(s) - 100,00% - Score 0 goal in Penalty Kill
Gangsters - 5 on 6 Attempt(s) - 83,33% - Score 0 goal in Penalty Kill

Official

Referees : Hasenfratz Mike and Kozari Steve
Linesman : Pierre Champoux and Jonny Murray

Game Notes

No Game Note

Tamiflu

5 vs 5 Forward 
   Center                   Left Wing                Right Wing               Time % Phy DF OF 
 1 Radek Bonk               Marcel Hossa             Petr Pohl                40     1   2  2  
 2 Nate Thompson            Alex Picard              Mike Brown               30     1   2  2  
 3 Greg Mauldin             Jani Rita                Pierre Dagenais          20     1   2  2  
 4 Tyler Haskins            Matt Murley              David Clarkson           10     1   2  2  

5 vs 5 Defense 
   Defense                  Defense                                           Time % Phy DF OF 
 1 Jonathan Sigalet         Maxim Kondratiev                                  40     1   2  2  
 2 Tim Ramholt              Nathan Oystrick                                   30     1   2  2  
 3 Johan Fransson           Kyle Lawson                                       20     1   2  2  
 4 Jonathan Sigalet         Maxim Kondratiev                                  10     1   2  2  

PowerPlay Forward 
   Center                   Left Wing                Right Wing               Time % Phy DF OF 
 1 Radek Bonk               Marcel Hossa             Petr Pohl                60     1   2  2  
 2 Nate Thompson            Alex Picard              Mike Brown               40     1   2  2  

PowerPlay Defense
   Defense                  Defense                                           Time % Phy DF OF 
 1 Jonathan Sigalet         Maxim Kondratiev                                  60     1   2  2  
 2 Tim Ramholt              Nathan Oystrick                                   40     1   2  2  

Penalty Kill 4 Players Forward 
   Center                   Wing                     Time % Phy DF OF 
 1 Radek Bonk               Alex Picard              60     1   2  2  
 2 Nate Thompson            David Clarkson           40     1   2  2  

Penalty Kill 4 Players Defense
   Defense                  Defense                  Time % Phy DF OF 
 1 Tim Ramholt              Maxim Kondratiev         60     1   2  2  
 2 Jonathan Sigalet         Johan Fransson           40     1   2  2  

Penalty Kill - 3 Players Forward 
   Forward                                           Time % Phy DF OF 
 1 Radek Bonk                                        60     1   2  2  
 2 Nate Thompson                                     40     1   2  2  

Penalty Kill - 3 Players Defense
   Defense                  Defense                  Time % Phy DF OF 
 1 Tim Ramholt              Maxim Kondratiev         60     1   2  2  
 2 Jonathan Sigalet         Johan Fransson           40     1   2  2  

4 vs 4 Forward 
   Center                   Wing                     Time % Phy DF OF 
 1 Radek Bonk               Marcel Hossa             60     1   2  2  
 2 Nate Thompson            Alex Picard              40     1   2  2  

4 vs 4 Defense
   Defense                  Defense                  Time % Phy DF OF 
 1 Jonathan Sigalet         Maxim Kondratiev         60     1   2  2  
 2 Tim Ramholt              Nathan Oystrick          40     1   2  2  

Last Minutes Offensive
   Center                   Left Wing                Right Wing               Defense                  Defense                  
   Radek Bonk               Marcel Hossa             Pierre Dagenais          Jonathan Sigalet         Maxim Kondratiev         

Last Minutes Defensive
   Center                   Left Wing                Right Wing               Defense                  Defense                  
   Radek Bonk               Alex Picard              Pierre Dagenais          Tim Ramholt              Maxim Kondratiev         

Goaltenders
Starting : Corey Crawford           
Backup : Joe Fallon               

Extra Forwards
Normal : Greg Mauldin, Tyler Haskins, Pierre Dagenais - PP : Pierre Dagenais, Greg Mauldin - PK : Pierre Dagenais
Extra Defensemen
Normal : Johan Fransson, Kyle Lawson, Maxim Kondratiev - PP : Johan Fransson - PK : Johan Fransson, Kyle Lawson
Penalty Shots
Radek Bonk, Pierre Dagenais, Marcel Hossa, Alex Picard, Jani Rita

Gangsters

5 vs 5 Forward 
   Center                   Left Wing                Right Wing               Time % Phy DF OF 
 1 Dave Steckel             Jaroslav Balastik        Drew Stafford            40     1   2  2  
 2 Alexandre Bolduc         Chris Bourque            Tim Jackman              30     1   2  2  
 3 Artem Anisimov           James Van Riemsdyk       Ryan Keller              20     1   2  2  
 4 Brandon Sutter           Nick Foligno             Matt Read                10     1   2  2  

5 vs 5 Defense 
   Defense                  Defense                                           Time % Phy DF OF 
 1 Cory Murphy              Mike Commodore                                    40     1   2  2  
 2 Staffan Kronwall         Josh Gorges                                       30     1   2  2  
 3 Alexei Emelin            Ville Koistinen                                   20     1   2  2  
 4 Cory Murphy              Mike Commodore                                    10     1   2  2  

PowerPlay Forward 
   Center                   Left Wing                Right Wing               Time % Phy DF OF 
 1 Dave Steckel             Jaroslav Balastik        Drew Stafford            60     1   2  2  
 2 Alexandre Bolduc         Chris Bourque            Tim Jackman              40     1   2  2  

PowerPlay Defense
   Defense                  Defense                                           Time % Phy DF OF 
 1 Cory Murphy              Mike Commodore                                    60     1   2  2  
 2 Staffan Kronwall         Josh Gorges                                       40     1   2  2  

Penalty Kill 4 Players Forward 
   Center                   Wing                     Time % Phy DF OF 
 1 Drew Stafford            Jaroslav Balastik        60     1   2  2  
 2 Dave Steckel             Tim Jackman              40     1   2  2  

Penalty Kill 4 Players Defense
   Defense                  Defense                  Time % Phy DF OF 
 1 Cory Murphy              Mike Commodore           60     1   2  2  
 2 Staffan Kronwall         Josh Gorges              40     1   2  2  

Penalty Kill - 3 Players Forward 
   Forward                                           Time % Phy DF OF 
 1 Drew Stafford                                     60     1   2  2  
 2 Jaroslav Balastik                                 40     1   2  2  

Penalty Kill - 3 Players Defense
   Defense                  Defense                  Time % Phy DF OF 
 1 Cory Murphy              Mike Commodore           60     1   2  2  
 2 Staffan Kronwall         Josh Gorges              40     1   2  2  

4 vs 4 Forward 
   Center                   Wing                     Time % Phy DF OF 
 1 Drew Stafford            Jaroslav Balastik        60     1   2  2  
 2 Dave Steckel             Tim Jackman              40     1   2  2  

4 vs 4 Defense
   Defense                  Defense                  Time % Phy DF OF 
 1 Cory Murphy              Mike Commodore           60     1   2  2  
 2 Staffan Kronwall         Josh Gorges              40     1   2  2  

Last Minutes Offensive
   Center                   Left Wing                Right Wing               Defense                  Defense                  
   Dave Steckel             Jaroslav Balastik        Drew Stafford            Cory Murphy              Mike Commodore           

Last Minutes Defensive
   Center                   Left Wing                Right Wing               Defense                  Defense                  
   Dave Steckel             Jaroslav Balastik        Drew Stafford            Cory Murphy              Mike Commodore           

Goaltenders
Starting : David LeNeveu            
Backup : Steve Valiquette         

Extra Forwards
Normal : Ryan Keller, Matt Read, James Van Riemsdyk - PP : Ryan Keller, Matt Read - PK : James Van Riemsdyk
Extra Defensemen
Normal : Alexei Emelin, Ville Koistinen, Staffan Kronwall - PP : Alexei Emelin - PK : Ville Koistinen, Staffan Kronwall
Penalty Shots
Drew Stafford, Jaroslav Balastik, Dave Steckel, Tim Jackman, Chris Bourque

% Time on Ice - Tamiflu

Lines # - Real PCT - Wanted PCT - Time Play
Normal Forward
1 - 34% - 40% - 16:45
2 - 26% - 30% - 12:40
3 - 25% - 20% - 12:18
4 - 16% - 10% - 7:41
Normal Defense
1 - 39% - 40% - 19:19
2 - 32% - 30% - 16:00
3 - 25% - 20% - 12:14
4 - 4% - 10% - 1:51
PP Forward
1 - 57% - 60% - 4:56
2 - 43% - 40% - 3:41
PP Defense
1 - 59% - 60% - 5:07
2 - 41% - 40% - 3:30
PK Forward
1 - 100% - 60% - 0:08
2 - 0% - 40% - 0:00
PK Defense
1 - 100% - 60% - 0:08
2 - 0% - 40% - 0:00
PK3 Forward
1 - 0% - 60%
2 - 0% - 40%
PK3 Defense
1 - 0% - 60%
2 - 0% - 40%
44 Forward
1 - 73% - 60% - 1:21
2 - 27% - 40% - 0:30
44 Defense
1 - 74% - 60% - 1:22
2 - 26% - 40% - 0:29
Last Minute Offensive  - 0:00
Last Minute Defensive  - 0:00
Total
Forward - 60:00
Defense - 60:00

% Time on Ice - Gangsters

Lines # - Real PCT - Wanted PCT - Time Play
Normal Forward
1 - 35% - 40% - 17:23
2 - 27% - 30% - 13:28
3 - 19% - 20% - 9:16
4 - 19% - 10% - 9:17
Normal Defense
1 - 39% - 40% - 19:09
2 - 33% - 30% - 16:23
3 - 23% - 20% - 11:36
4 - 5% - 10% - 2:16
PP Forward
1 - 100% - 60% - 0:08
2 - 0% - 40% - 0:00
PP Defense
1 - 100% - 60% - 0:08
2 - 0% - 40% - 0:00
PK Forward
1 - 74% - 60% - 6:24
2 - 26% - 40% - 2:13
PK Defense
1 - 62% - 60% - 5:19
2 - 38% - 40% - 3:18
PK3 Forward
1 - 0% - 60%
2 - 0% - 40%
PK3 Defense
1 - 0% - 60%
2 - 0% - 40%
44 Forward
1 - 100% - 60% - 1:51
2 - 0% - 40% - 0:00
44 Defense
1 - 59% - 60% - 1:06
2 - 41% - 40% - 0:45
Last Minute Offensive  - 0:00
Last Minute Defensive  - 0:00
Total
Forward - 60:00
Defense - 60:00

Play by Play

1st period


0:01 of 1st period - Dave Steckel wins face-off versus Radek Bonk in neutral zone.
0:21 of 1st period - Radek Bonk is hit by Dave Steckel and loses puck.
1:16 of 1st period - Snap shot by Radek Bonk.
1:16 of 1st period - Shot Blocked by Cory Murphy.
2:11 of 1st period - Mike Commodore is hit by Maxim Kondratiev and loses puck.
2:28 of 1st period - Snap shot by Marcel Hossa.
2:28 of 1st period - Shot Misses the Net.
2:30 of 1st period - Slapshot by Maxim Kondratiev.
2:30 of 1st period - Stopped by David LeNeveu without a rebound.
2:31 of 1st period - Nate Thompson wins face-off versus Alexandre Bolduc in Gangsters zone.
2:56 of 1st period - Tim Ramholt is hit by Artem Anisimov and loses puck.
3:23 of 1st period - Off-side.
3:24 of 1st period - Matt Read wins face-off versus Tyler Haskins in neutral zone.
3:45 of 1st period - Slapshot by Matt Murley.
3:45 of 1st period - Shot Blocked by Matt Read.
3:51 of 1st period - Alexei Emelin is hit by Tyler Haskins and loses puck.
3:58 of 1st period - Tim Ramholt is hit by Matt Read and loses puck.
4:13 of 1st period - Wrist shot by Matt Murley.
4:13 of 1st period - Shot Misses the Net.
4:15 of 1st period - Snap shot by Kyle Lawson.
4:15 of 1st period - Stopped by David LeNeveu without a rebound.
4:16 of 1st period - Alexandre Bolduc wins face-off versus Nate Thompson in Gangsters zone.
4:16 of 1st period - Alexandre Bolduc is hit by Mike Brown.
5:06 of 1st period - Snap shot by Pierre Dagenais.
5:06 of 1st period - Deflect By Alex Picard.
5:06 of 1st period - Stopped by David LeNeveu with a rebound.
5:24 of 1st period - Alexandre Bolduc is hit by Matt Murley and loses puck.
5:37 of 1st period - Snap shot by Nick Foligno.
5:37 of 1st period - Stopped by Corey Crawford with a rebound.
5:43 of 1st period - Josh Gorges is hit by Pierre Dagenais and loses puck.
7:40 of 1st period - Maxim Kondratiev is hit by Mike Commodore and loses puck.
8:02 of 1st period - Icing by Nate Thompson.
8:03 of 1st period - Nate Thompson wins face-off versus Dave Steckel in Tamiflu zone.
8:14 of 1st period - Slapshot by Pierre Dagenais.
8:14 of 1st period - Shot Misses the Net.
8:16 of 1st period - Slapshot by Jonathan Sigalet.
8:16 of 1st period - Shot Misses the Net.
8:31 of 1st period - Off-side.
8:32 of 1st period - Alexandre Bolduc wins face-off versus Nate Thompson in neutral zone.
9:06 of 1st period - Wrist shot by Artem Anisimov.
9:06 of 1st period - Shot Misses the Net.
9:12 of 1st period - Snap shot by Ryan Keller.
9:12 of 1st period - Stopped by Corey Crawford without a rebound.
9:13 of 1st period - Greg Mauldin wins face-off versus Dave Steckel in Tamiflu zone.
9:27 of 1st period - Backhand shot by Drew Stafford.
9:27 of 1st period - Shot Misses the Net.
9:33 of 1st period - Greg Mauldin is hit by Drew Stafford.
9:49 of 1st period - Snap shot by Mike Brown.
9:49 of 1st period - Deflect By Nate Thompson.
9:49 of 1st period - Shot Misses the Net.
9:49 of 1st period - Puck is out of play.
9:50 of 1st period - Chris Bourque wins face-off versus Nate Thompson in Gangsters zone.
10:11 of 1st period - Wrist shot by Nate Thompson.
10:11 of 1st period - Goal by Nate Thompson - Tamiflu : 1 - Gangsters : 0.
10:12 of 1st period - Dave Steckel wins face-off versus Radek Bonk in neutral zone.
10:24 of 1st period - Wrist shot by Marcel Hossa.
10:24 of 1st period - Stopped by David LeNeveu without a rebound.
10:25 of 1st period - Radek Bonk wins face-off versus Alexandre Bolduc in Gangsters zone.
10:59 of 1st period - Snap shot by Ryan Keller.
10:59 of 1st period - Goal by Ryan Keller - Tamiflu : 1 - Gangsters : 1.
11:00 of 1st period - Nate Thompson wins face-off versus Dave Steckel in neutral zone.
11:05 of 1st period - Nate Thompson is hit by Drew Stafford and loses puck.
11:10 of 1st period - Wrist shot by Jaroslav Balastik.
11:10 of 1st period - Shot Misses the Net.
11:12 of 1st period - Wrist shot by Drew Stafford.
11:12 of 1st period - Shot Misses the Net.
11:14 of 1st period - Wrist shot by Drew Stafford.
11:14 of 1st period - Shot Misses the Net.
11:16 of 1st period - Slapshot by Mike Commodore.
11:16 of 1st period - Stopped by Corey Crawford without a rebound.
11:17 of 1st period - Radek Bonk wins face-off versus Artem Anisimov in Tamiflu zone.
11:43 of 1st period - Tim Ramholt is hit by Tim Jackman.
12:33 of 1st period - Marcel Hossa is hit by Matt Read and loses puck.
12:46 of 1st period - Slapshot by Marcel Hossa.
12:46 of 1st period - Deflect By Radek Bonk.
12:46 of 1st period - Goal by Radek Bonk - Tamiflu : 2 - Gangsters : 1.
12:47 of 1st period - Dave Steckel wins face-off versus Nate Thompson in neutral zone.
13:32 of 1st period - Slapshot by Matt Read.
13:32 of 1st period - Stopped by Corey Crawford with a rebound.
13:34 of 1st period - Slapshot by Ville Koistinen.
13:34 of 1st period - Stopped by Corey Crawford with a rebound.
13:42 of 1st period - Snap shot by Matt Read.
13:42 of 1st period - Shot Blocked by Maxim Kondratiev.
14:20 of 1st period - Snap shot by Dave Steckel.
14:20 of 1st period - Shot Misses the Net.
14:41 of 1st period - Icing by Ville Koistinen.
14:42 of 1st period - Alexandre Bolduc wins face-off versus Alex Picard in Gangsters zone.
14:53 of 1st period - Minor Penalty to Jaroslav Balastik for Slashing.
14:54 of 1st period - Drew Stafford wins face-off versus Radek Bonk in Gangsters zone.
16:53 of 1st period - Penalty to Jaroslav Balastik is over, Jaroslav Balastik is back on ice.
17:04 of 1st period - Slapshot by Jani Rita.
17:04 of 1st period - Stopped by David LeNeveu with a rebound.
17:06 of 1st period - Slapshot by Johan Fransson.
17:06 of 1st period - Deflect By Staffan Kronwall.
17:06 of 1st period - Stopped by David LeNeveu with a rebound.
17:17 of 1st period - Icing by Josh Gorges.
17:18 of 1st period - Brandon Sutter wins face-off versus Tyler Haskins in Gangsters zone.
17:33 of 1st period - Snap shot by David Clarkson.
17:33 of 1st period - Stopped by David LeNeveu with a rebound.
17:43 of 1st period - Snap shot by James Van Riemsdyk.
17:43 of 1st period - Stopped by Corey Crawford without a rebound.
17:44 of 1st period - Greg Mauldin wins face-off versus Artem Anisimov in Tamiflu zone.
17:46 of 1st period - Icing by Pierre Dagenais.
17:47 of 1st period - Greg Mauldin wins face-off versus Artem Anisimov in Tamiflu zone.
18:00 of 1st period - Wrist shot by Jani Rita.
18:00 of 1st period - Shot Misses the Net.
18:02 of 1st period - Wrist shot by Pierre Dagenais.
18:02 of 1st period - Stopped by David LeNeveu with a rebound.
18:04 of 1st period - Slapshot by Jonathan Sigalet.
18:04 of 1st period - Deflect By Greg Mauldin.
18:04 of 1st period - Stopped by David LeNeveu with a rebound.
18:06 of 1st period - Slapshot by Maxim Kondratiev.
18:06 of 1st period - Shot Misses the Net.
18:08 of 1st period - Slapshot by Jonathan Sigalet.
18:08 of 1st period - Deflect By Pierre Dagenais.
18:08 of 1st period - Stopped by David LeNeveu with a rebound.
18:12 of 1st period - Snap shot by Pierre Dagenais.
18:12 of 1st period - Shot Misses the Net.
18:14 of 1st period - Snap shot by Maxim Kondratiev.
18:14 of 1st period - Deflect By Pierre Dagenais.
18:14 of 1st period - Shot Hit the Post.
18:14 of 1st period - Puck is out of play.
18:15 of 1st period - Radek Bonk wins face-off versus Dave Steckel in Gangsters zone.
18:26 of 1st period - Wrist shot by Jaroslav Balastik.
18:26 of 1st period - Shot Misses the Net.
18:28 of 1st period - Wrist shot by Drew Stafford.
18:28 of 1st period - Shot Misses the Net.
18:30 of 1st period - Snap shot by Dave Steckel.
18:30 of 1st period - Deflect By Drew Stafford.
18:30 of 1st period - Shot Misses the Net.
18:30 of 1st period - Puck is out of play.
18:31 of 1st period - Nate Thompson wins face-off versus Alexandre Bolduc in Tamiflu zone.
18:53 of 1st period - Icing by Nate Thompson.
18:54 of 1st period - Dave Steckel wins face-off versus Nate Thompson in Tamiflu zone.
19:07 of 1st period - Snap shot by Dave Steckel.
19:07 of 1st period - Deflect By Drew Stafford.
19:07 of 1st period - Deflect By Jonathan Sigalet.
19:07 of 1st period - Stopped by Corey Crawford without a rebound.
19:08 of 1st period - Alexandre Bolduc wins face-off versus Radek Bonk in Tamiflu zone.
19:34 of 1st period - Tim Ramholt is hit by Jaroslav Balastik and loses puck.
19:39 of 1st period - Wrist shot by Jaroslav Balastik.
19:39 of 1st period - Shot Misses the Net.
19:45 of 1st period - Wrist shot by Pierre Dagenais.
19:45 of 1st period - Shot Misses the Net.

2nd period


0:01 of 2nd period - Radek Bonk wins face-off versus Jaroslav Balastik in neutral zone.
0:04 of 2nd period - Jaroslav Balastik is hit by Jonathan Sigalet and loses puck.
1:18 of 2nd period - David Clarkson is hit by Drew Stafford and loses puck.
1:25 of 2nd period - Snap shot by Jaroslav Balastik.
1:25 of 2nd period - Stopped by Corey Crawford without a rebound.
1:26 of 2nd period - Radek Bonk wins face-off versus Artem Anisimov in Tamiflu zone.
1:26 of 2nd period - Radek Bonk is hit by James Van Riemsdyk.
1:33 of 2nd period - Minor Penalty to James Van Riemsdyk for Hooking.
1:34 of 2nd period - Radek Bonk wins face-off versus Drew Stafford in Gangsters zone.
1:39 of 2nd period - Snap shot by Marcel Hossa.
1:39 of 2nd period - Stopped by David LeNeveu with a rebound.
1:59 of 2nd period - Nate Thompson is hit by Tim Jackman and loses puck.
2:48 of 2nd period - Snap shot by Tim Jackman.
2:48 of 2nd period - Stopped by Corey Crawford without a rebound.
2:49 of 2nd period - Radek Bonk wins face-off versus Dave Steckel in Tamiflu zone.
2:58 of 2nd period - Wrist shot by Tim Jackman.
2:58 of 2nd period - Shot Misses the Net.
3:14 of 2nd period - Jonathan Sigalet is hit by Drew Stafford and loses puck.
3:33 of 2nd period - Penalty to James Van Riemsdyk is over, James Van Riemsdyk is back on ice.
4:16 of 2nd period - Wrist shot by Matt Murley.
4:16 of 2nd period - Stopped by David LeNeveu with a rebound.
4:18 of 2nd period - Snap shot by Nathan Oystrick.
4:18 of 2nd period - Shot Misses the Net.
4:20 of 2nd period - Snap shot by David Clarkson.
4:20 of 2nd period - Deflect By Matt Murley.
4:20 of 2nd period - Shot Misses the Net.
4:20 of 2nd period - Puck is out of play.
4:21 of 2nd period - Alexandre Bolduc wins face-off versus Nate Thompson in Gangsters zone.
4:28 of 2nd period - Slapshot by Cory Murphy.
4:28 of 2nd period - Stopped by Corey Crawford without a rebound.
4:29 of 2nd period - Chris Bourque wins face-off versus Nate Thompson in Tamiflu zone.
4:30 of 2nd period - Wrist shot by Alexandre Bolduc.
4:30 of 2nd period - Stopped by Corey Crawford without a rebound.
4:31 of 2nd period - Alexandre Bolduc wins face-off versus Nate Thompson in Tamiflu zone.
4:32 of 2nd period - Wrist shot by Tim Jackman.
4:32 of 2nd period - Stopped by Corey Crawford with a rebound.
4:34 of 2nd period - Wrist shot by Alexandre Bolduc.
4:34 of 2nd period - Stopped by Corey Crawford without a rebound.
4:35 of 2nd period - Radek Bonk wins face-off versus Drew Stafford in Tamiflu zone.
4:46 of 2nd period - Wrist shot by Radek Bonk.
4:46 of 2nd period - Deflect By Petr Pohl.
4:46 of 2nd period - Shot Blocked by Drew Stafford.
4:46 of 2nd period - Puck is out of play.
4:47 of 2nd period - Dave Steckel wins face-off versus Radek Bonk in Gangsters zone.
4:47 of 2nd period - Dave Steckel is hit by Radek Bonk.
4:50 of 2nd period - Minor Penalty to Petr Pohl for Roughing.
4:51 of 2nd period - Radek Bonk wins face-off versus Dave Steckel in Tamiflu zone.
4:51 of 2nd period - Radek Bonk is hit by Dave Steckel.
4:58 of 2nd period - Minor Penalty to Drew Stafford for Cross-checking.
4:59 of 2nd period - Ryan Keller wins face-off versus Radek Bonk in Gangsters zone.
5:44 of 2nd period - Snap shot by Alex Picard.
5:44 of 2nd period - Deflect By Nate Thompson.
5:44 of 2nd period - Shot Blocked by Josh Gorges.
5:44 of 2nd period - Puck is out of play.
5:45 of 2nd period - Matt Read wins face-off versus Nate Thompson in Gangsters zone.
6:12 of 2nd period - Mike Commodore is hit by Nathan Oystrick and loses puck.
6:50 of 2nd period - Penalty to Petr Pohl is over, Petr Pohl is back on ice.
6:56 of 2nd period - Nate Thompson is hit by Josh Gorges and loses puck.
6:58 of 2nd period - Penalty to Drew Stafford is over, Drew Stafford is back on ice.
7:22 of 2nd period - James Van Riemsdyk is hit by Kyle Lawson and loses puck.
9:05 of 2nd period - Slapshot by Cory Murphy.
9:05 of 2nd period - Stopped by Corey Crawford without a rebound.
9:06 of 2nd period - Radek Bonk wins face-off versus Brandon Sutter in Tamiflu zone.
11:17 of 2nd period - Wrist shot by Nick Foligno.
11:17 of 2nd period - Stopped by Corey Crawford with a rebound.
11:31 of 2nd period - Snap shot by Jaroslav Balastik.
11:31 of 2nd period - Stopped by Corey Crawford without a rebound.
11:32 of 2nd period - Alexandre Bolduc wins face-off versus Radek Bonk in Tamiflu zone.
11:43 of 2nd period - Slapshot by Marcel Hossa.
11:43 of 2nd period - Stopped by David LeNeveu with a rebound.
11:45 of 2nd period - Wrist shot by Kyle Lawson.
11:45 of 2nd period - Stopped by David LeNeveu with a rebound.
11:47 of 2nd period - Snap shot by Petr Pohl.
11:47 of 2nd period - Shot Blocked by Alexei Emelin.
11:49 of 2nd period - Wrist shot by Petr Pohl.
11:49 of 2nd period - Shot Misses the Net.
11:51 of 2nd period - Snap shot by Marcel Hossa.
11:51 of 2nd period - Stopped by David LeNeveu with a rebound.
12:13 of 2nd period - Wrist shot by Alexandre Bolduc.
12:13 of 2nd period - Stopped by Corey Crawford with a rebound.
12:24 of 2nd period - Marcel Hossa is hit by Alexandre Bolduc.
13:16 of 2nd period - Snap shot by Marcel Hossa.
13:16 of 2nd period - Stopped by David LeNeveu without a rebound.
13:17 of 2nd period - Nate Thompson wins face-off versus Dave Steckel in Gangsters zone.
13:28 of 2nd period - Wrist shot by Jaroslav Balastik.
13:28 of 2nd period - Stopped by Corey Crawford without a rebound.
13:29 of 2nd period - Nate Thompson wins face-off versus Dave Steckel in Tamiflu zone.
13:44 of 2nd period - Snap shot by Nate Thompson.
13:44 of 2nd period - Shot Misses the Net.
14:08 of 2nd period - Snap shot by Pierre Dagenais.
14:08 of 2nd period - Stopped by David LeNeveu with a rebound.
14:42 of 2nd period - Wrist shot by Jaroslav Balastik.
14:42 of 2nd period - Shot Blocked by Nathan Oystrick.
15:48 of 2nd period - Off-side.
15:49 of 2nd period - Artem Anisimov wins face-off versus Greg Mauldin in neutral zone.
16:12 of 2nd period - Wrist shot by Radek Bonk.
16:12 of 2nd period - Shot Blocked by Ville Koistinen.
16:14 of 2nd period - Snap shot by Marcel Hossa.
16:14 of 2nd period - Shot Misses the Net.
16:16 of 2nd period - Snap shot by Radek Bonk.
16:16 of 2nd period - Deflect By Marcel Hossa.
16:16 of 2nd period - Goal by Marcel Hossa - Tamiflu : 3 - Gangsters : 1.
16:17 of 2nd period - Dave Steckel wins face-off versus Radek Bonk in neutral zone.
16:26 of 2nd period - Wrist shot by Radek Bonk.
16:26 of 2nd period - Stopped by David LeNeveu without a rebound.
16:27 of 2nd period - Dave Steckel wins face-off versus Radek Bonk in Gangsters zone.
16:41 of 2nd period - Icing by Maxim Kondratiev.
16:42 of 2nd period - Chris Bourque wins face-off versus Radek Bonk in Tamiflu zone.
16:53 of 2nd period - Snap shot by Marcel Hossa.
16:53 of 2nd period - Shot Misses the Net.
16:55 of 2nd period - Wrist shot by Radek Bonk.
16:55 of 2nd period - Shot Blocked by Cory Murphy.
16:57 of 2nd period - Slapshot by Maxim Kondratiev.
16:57 of 2nd period - Stopped by David LeNeveu with a rebound.
16:59 of 2nd period - Snap shot by Marcel Hossa.
16:59 of 2nd period - Deflect By Petr Pohl.
16:59 of 2nd period - Deflect By Cory Murphy.
16:59 of 2nd period - Shot Misses the Net.
16:59 of 2nd period - Puck is out of play.
17:00 of 2nd period - Dave Steckel wins face-off versus Nate Thompson in Gangsters zone.
17:00 of 2nd period - Dave Steckel is hit by Alex Picard.
17:16 of 2nd period - Wrist shot by Jaroslav Balastik.
17:16 of 2nd period - Shot Blocked by Jonathan Sigalet.
17:30 of 2nd period - Alexandre Bolduc is hit by Petr Pohl.
18:14 of 2nd period - Slapshot by Matt Read.
18:14 of 2nd period - Shot Hit the Post.
18:16 of 2nd period - Snap shot by Brandon Sutter.
18:16 of 2nd period - Stopped by Corey Crawford without a rebound.
18:17 of 2nd period - Radek Bonk wins face-off versus Dave Steckel in Tamiflu zone.
19:08 of 2nd period - Ryan Keller is hit by Jani Rita and loses puck.
19:26 of 2nd period - Minor Penalty to Nick Foligno for Roughing.
19:27 of 2nd period - Radek Bonk wins face-off versus Drew Stafford in Gangsters zone.

3rd period


0:01 of 3rd period - Drew Stafford wins face-off versus Radek Bonk in neutral zone.
0:04 of 3rd period - Snap shot by Drew Stafford.
0:04 of 3rd period - Stopped by Corey Crawford without a rebound.
0:05 of 3rd period - Drew Stafford wins face-off versus Radek Bonk in Tamiflu zone.
0:10 of 3rd period - Wrist shot by Jaroslav Balastik.
0:10 of 3rd period - Stopped by Corey Crawford with a rebound.
0:38 of 3rd period - Wrist shot by Nate Thompson.
0:38 of 3rd period - Shot Misses the Net.
0:40 of 3rd period - Slapshot by Mike Brown.
0:40 of 3rd period - Stopped by David LeNeveu with a rebound.
1:26 of 3rd period - Penalty to Nick Foligno is over, Nick Foligno is back on ice.
1:42 of 3rd period - Snap shot by Josh Gorges.
1:42 of 3rd period - Shot Misses the Net.
1:44 of 3rd period - Slapshot by Josh Gorges.
1:44 of 3rd period - Stopped by Corey Crawford without a rebound.
1:45 of 3rd period - Alexandre Bolduc wins face-off versus Greg Mauldin in Tamiflu zone.
1:46 of 3rd period - Slapshot by Tim Jackman.
1:46 of 3rd period - Stopped by Corey Crawford without a rebound.
1:47 of 3rd period - Tim Jackman wins face-off versus Radek Bonk in Tamiflu zone.
2:07 of 3rd period - Wrist shot by Alexandre Bolduc.
2:07 of 3rd period - Shot Misses the Net.
2:09 of 3rd period - Snap shot by Chris Bourque.
2:09 of 3rd period - Shot Blocked by Maxim Kondratiev.
2:25 of 3rd period - Slapshot by Chris Bourque.
2:25 of 3rd period - Shot Misses the Net.
2:57 of 3rd period - Wrist shot by Alexandre Bolduc.
2:57 of 3rd period - Stopped by Corey Crawford without a rebound.
2:58 of 3rd period - Nate Thompson wins face-off versus Dave Steckel in Tamiflu zone.
3:23 of 3rd period - Pierre Dagenais is hit by Ryan Keller and loses puck.
3:50 of 3rd period - Snap shot by David Clarkson.
3:50 of 3rd period - Shot Blocked by Matt Read.
3:52 of 3rd period - Wrist shot by Matt Murley.
3:52 of 3rd period - Shot Misses the Net.
3:54 of 3rd period - Backhand shot by Tyler Haskins.
3:54 of 3rd period - Shot Misses the Net.
3:56 of 3rd period - Slapshot by Kyle Lawson.
3:56 of 3rd period - Stopped by David LeNeveu with a rebound.
4:12 of 3rd period - Backhand shot by Mike Brown.
4:12 of 3rd period - Shot Misses the Net.
4:26 of 3rd period - Off-side.
4:27 of 3rd period - Dave Steckel wins face-off versus Tyler Haskins in neutral zone.
4:32 of 3rd period - Cory Murphy is hit by Matt Murley and loses puck.
4:43 of 3rd period - Wrist shot by Matt Murley.
4:43 of 3rd period - Shot Misses the Net.
4:53 of 3rd period - Dave Steckel is hit by Petr Pohl and loses puck.
5:22 of 3rd period - Wrist shot by Jani Rita.
5:22 of 3rd period - Stopped by David LeNeveu with a rebound.
6:02 of 3rd period - Snap shot by Jaroslav Balastik.
6:02 of 3rd period - Shot Misses the Net.
6:04 of 3rd period - Snap shot by Dave Steckel.
6:04 of 3rd period - Shot Misses the Net.
6:06 of 3rd period - Slapshot by Cory Murphy.
6:06 of 3rd period - Shot Misses the Net.
6:08 of 3rd period - Backhand shot by Drew Stafford.
6:08 of 3rd period - Stopped by Corey Crawford with a rebound.
6:10 of 3rd period - Snap shot by Mike Commodore.
6:10 of 3rd period - Shot Blocked by Maxim Kondratiev.
6:12 of 3rd period - Slapshot by Cory Murphy.
6:12 of 3rd period - Shot Misses the Net.
6:14 of 3rd period - Wrist shot by Dave Steckel.
6:14 of 3rd period - Stopped by Corey Crawford with a rebound.
6:16 of 3rd period - Snap shot by Mike Commodore.
6:16 of 3rd period - Shot Misses the Net.
6:18 of 3rd period - Slapshot by Mike Commodore.
6:18 of 3rd period - Deflect By Jonathan Sigalet.
6:18 of 3rd period - Stopped by Corey Crawford with a rebound.
6:20 of 3rd period - Slapshot by Mike Commodore.
6:20 of 3rd period - Stopped by Corey Crawford without a rebound.
6:21 of 3rd period - Alexandre Bolduc wins face-off versus Petr Pohl in Tamiflu zone.
6:26 of 3rd period - Wrist shot by Alexandre Bolduc.
6:26 of 3rd period - Stopped by Corey Crawford without a rebound.
6:27 of 3rd period - Alexandre Bolduc wins face-off versus Radek Bonk in Tamiflu zone.
6:58 of 3rd period - Wrist shot by Alex Picard.
6:58 of 3rd period - Shot Blocked by James Van Riemsdyk.
7:16 of 3rd period - Brandon Sutter is hit by Johan Fransson and loses puck.
7:48 of 3rd period - Snap shot by Alex Picard.
7:48 of 3rd period - Stopped by David LeNeveu with a rebound.
8:13 of 3rd period - Minor Penalty to Nick Foligno for Hooking.
8:14 of 3rd period - Radek Bonk wins face-off versus Drew Stafford in Gangsters zone.
8:41 of 3rd period - Tim Jackman is hit by Maxim Kondratiev and loses puck.
8:46 of 3rd period - Snap shot by Nate Thompson.
8:46 of 3rd period - Goal by Nate Thompson - Tamiflu : 4 - Gangsters : 1.
8:47 of 3rd period - Radek Bonk wins face-off versus Jaroslav Balastik in neutral zone.
9:24 of 3rd period - Snap shot by Jani Rita.
9:24 of 3rd period - Deflect By Pierre Dagenais.
9:24 of 3rd period - Goal by Pierre Dagenais - Tamiflu : 5 - Gangsters : 1.
9:25 of 3rd period - Alexandre Bolduc wins face-off versus Radek Bonk in neutral zone.
9:28 of 3rd period - Petr Pohl is hit by Mike Commodore and loses puck.
9:51 of 3rd period - Jaroslav Balastik is hit by Nate Thompson and loses puck.
10:55 of 3rd period - Maxim Kondratiev is hit by Tim Jackman and loses puck.
11:00 of 3rd period - Snap shot by Tim Jackman.
11:00 of 3rd period - Shot Blocked by Maxim Kondratiev.
11:02 of 3rd period - Wrist shot by Tim Jackman.
11:02 of 3rd period - Stopped by Corey Crawford with a rebound.
11:16 of 3rd period - Drew Stafford is hit by Nate Thompson and loses puck.
11:29 of 3rd period - Slapshot by Nate Thompson.
11:29 of 3rd period - Stopped by David LeNeveu without a rebound.
11:30 of 3rd period - Alexandre Bolduc wins face-off versus Pierre Dagenais in Gangsters zone.
11:34 of 3rd period - Icing by Tim Jackman.
11:35 of 3rd period - Alexandre Bolduc wins face-off versus Greg Mauldin in Gangsters zone.
11:39 of 3rd period - Off-side.
11:40 of 3rd period - Greg Mauldin wins face-off versus Alexandre Bolduc in neutral zone.
11:49 of 3rd period - Snap shot by Jani Rita.
11:49 of 3rd period - Stopped by David LeNeveu with a rebound.
11:51 of 3rd period - Wrist shot by Johan Fransson.
11:51 of 3rd period - Shot Hit the Post.
11:53 of 3rd period - Slapshot by Greg Mauldin.
11:53 of 3rd period - Stopped by David LeNeveu without a rebound.
11:54 of 3rd period - Dave Steckel wins face-off versus Radek Bonk in Gangsters zone.
12:03 of 3rd period - Wrist shot by Radek Bonk.
12:03 of 3rd period - Stopped by David LeNeveu with a rebound.
12:05 of 3rd period - Slapshot by Marcel Hossa.
12:05 of 3rd period - Stopped by David LeNeveu with a rebound.
12:26 of 3rd period - Tim Ramholt is hit by Cory Murphy and loses puck.
12:32 of 3rd period - Icing by Alex Picard.
12:33 of 3rd period - Nate Thompson wins face-off versus Artem Anisimov in Tamiflu zone.
12:33 of 3rd period - Nate Thompson is hit by James Van Riemsdyk.
12:46 of 3rd period - Tim Ramholt is hit by Staffan Kronwall and loses puck.
12:48 of 3rd period - Minor Penalty to James Van Riemsdyk for Delaying the game.
12:49 of 3rd period - Drew Stafford wins face-off versus Radek Bonk in Gangsters zone.
13:03 of 3rd period - Off-side.
13:04 of 3rd period - Drew Stafford wins face-off versus Radek Bonk in neutral zone.
13:16 of 3rd period - Snap shot by Drew Stafford.
13:16 of 3rd period - Stopped by Corey Crawford without a rebound.
13:17 of 3rd period - Radek Bonk wins face-off versus Drew Stafford in Tamiflu zone.
13:42 of 3rd period - Cory Murphy is hit by Jonathan Sigalet and loses puck.
14:33 of 3rd period - Slapshot by Staffan Kronwall.
14:33 of 3rd period - Shot Misses the Net.
14:45 of 3rd period - Radek Bonk is hit by Jaroslav Balastik and loses puck.
14:48 of 3rd period - Penalty to James Van Riemsdyk is over, James Van Riemsdyk is back on ice.
15:01 of 3rd period - Icing by Alexei Emelin.
15:02 of 3rd period - Nick Foligno wins face-off versus Greg Mauldin in Gangsters zone.
15:02 of 3rd period - Nick Foligno is hit by Pierre Dagenais.
15:05 of 3rd period - Icing by Alexei Emelin.
15:06 of 3rd period - Matt Read wins face-off versus Nate Thompson in Gangsters zone.
15:06 of 3rd period - Matt Read is hit by Alex Picard.
15:12 of 3rd period - Slapshot by Alexei Emelin.
15:12 of 3rd period - Shot Misses the Net.
16:06 of 3rd period - Wrist shot by Radek Bonk.
16:06 of 3rd period - Stopped by David LeNeveu with a rebound.
16:28 of 3rd period - Snap shot by Radek Bonk.
16:28 of 3rd period - Stopped by David LeNeveu without a rebound.
16:29 of 3rd period - Dave Steckel wins face-off versus Nate Thompson in Gangsters zone.
16:40 of 3rd period - Alex Picard is hit by Dave Steckel and loses puck.
16:57 of 3rd period - Jani Rita is hit by Chris Bourque and loses puck.
17:04 of 3rd period - Slapshot by Alexandre Bolduc.
17:04 of 3rd period - Stopped by Corey Crawford with a rebound.
17:06 of 3rd period - Snap shot by Tim Jackman.
17:06 of 3rd period - Shot Misses the Net.
17:08 of 3rd period - Slapshot by Mike Commodore.
17:08 of 3rd period - Shot Misses the Net.
17:18 of 3rd period - Wrist shot by Ryan Keller.
17:18 of 3rd period - Deflect By James Van Riemsdyk.
17:18 of 3rd period - Shot Blocked by Jonathan Sigalet.
17:18 of 3rd period - Puck is out of play.
17:19 of 3rd period - Artem Anisimov wins face-off versus Nate Thompson in Tamiflu zone.
17:49 of 3rd period - Snap shot by Staffan Kronwall.
17:49 of 3rd period - Deflect By Matt Murley.
17:49 of 3rd period - Stopped by Corey Crawford with a rebound.
17:51 of 3rd period - Slapshot by Josh Gorges.
17:51 of 3rd period - Stopped by Corey Crawford without a rebound.
17:52 of 3rd period - Radek Bonk wins face-off versus Alexandre Bolduc in Tamiflu zone.
18:17 of 3rd period - Drew Stafford is hit by Alex Picard and loses puck.
18:28 of 3rd period - Snap shot by Alex Picard.
18:28 of 3rd period - Stopped by David LeNeveu with a rebound.
18:40 of 3rd period - Wrist shot by James Van Riemsdyk.
18:40 of 3rd period - Shot Misses the Net.
18:44 of 3rd period - Slapshot by Ryan Keller.
18:44 of 3rd period - Shot Misses the Net.
18:46 of 3rd period - Slapshot by James Van Riemsdyk.
18:46 of 3rd period - Shot Misses the Net.
18:48 of 3rd period - Slapshot by Ryan Keller.
18:48 of 3rd period - Shot Misses the Net.
18:50 of 3rd period - Snap shot by Artem Anisimov.
18:50 of 3rd period - Stopped by Corey Crawford with a rebound.


Output by the SimonT Hockey Simulator (STHS) for François Prévost -- Original Page W3C XHTML 1.0 Valid
Hockey Simulator - Hockey Simulation - Hockey Manager